 Dungeon Crawl Stone Soup version 0.30.1-9-gdf580d7c3d (webtiles) character file.

Game seed: 5119303524331864664

4674 aldskfj the Cleaver (level 10, -1/90 HPs)
             Began as a Minotaur Fighter on Oct 24, 2023.
             Was a Believer of Trog.
             Slain by a yak (9 damage)
             ... on level 10 of the Dungeon.
             The game lasted 00:26:57 (9258 turns).

aldskfj the Cleaver (Minotaur Fighter)              Turns: 9258, Time: 00:26:57

Health: -1/90      AC: 19    Str: 25    XL:     10   Next: 21%
Magic:  9/9        EV: 10    Int:  5    God:    Trog [**....]
Gold:   289        SH: 16    Dex: 19    Spells: 9/9 levels left

rFire   + . .        a - +0 war axe
rCold   . . .        J - +0 kite shield
rNeg    + . .        r - +1 chain mail of Comab {rElec rF+ rN+ Str+3}
rPois   +            (helmet restricted)
rElec   +            w - +2 cloak
rCorr   .            (no gloves)
SInv    .            m - +2 pair of boots
Will    .....        I - amulet of reflection Stlth
                     A - ring of poison resistance
HPRegen 0.35/turn    x - +6 ring of dexterity
MPRegen 0.11/turn

%: reflection
@: about to teleport
A: horns 2, retaliatory headbutt
a: Renounce Religion, Berserk, Trog's Hand


You were on level 10 of the Dungeon.
You worshipped Trog.
Trog was pleased with you.
You visited 2 branches of the dungeon, and saw 11 of its levels.

You collected 587 gold pieces.
You spent 298 gold pieces at shops.

Inventory:

Hand Weapons
 a - a +0 war axe (weapon)
 P - a +3 hand axe of freezing
Armour
 c - a +0 buckler
 m - a +2 pair of boots (worn)
 r - the +1 chain mail of Comab (worn) {rElec rF+ rN+ Str+3}
   (You found it on level 3 of the Dungeon)

   Str:       It affects your strength (+3).
   rF:        It protects you from fire.
   rElec:     It insulates you from electricity.
   rN:        It protects you from negative energy.
 w - a +2 cloak (worn)
 J - a +0 kite shield (worn)
Jewellery
 v - a ring of magical power
 x - a +6 ring of dexterity (right hand)
 A - a ring of poison resistance (left hand)
 E - a ring of fire
 I - an amulet of reflection (around neck)
Wands
 y - a wand of light (15)
 B - a wand of mindburst (13)
 K - a wand of iceblast (4)
Scrolls
 f - 6 scrolls of teleportation
 g - a scroll of vulnerability
 h - a scroll of magic mapping
 i - 2 scrolls of noise
 j - 2 scrolls of immolation
 k - 2 scrolls of fear
 p - 3 scrolls of blinking
 u - a scroll of identify
 C - a scroll of silence {unknown}
 F - a scroll of poison {unknown}
 H - a scroll of brand weapon {unknown}
 N - 2 scrolls of fog {unknown}
Potions
 b - 7 potions of degeneration
 d - 5 potions of might
 e - 9 potions of curing
 l - 2 potions of attraction
 n - a potion of experience {unknown}
 o - a potion of haste
 q - 2 potions of heal wounds
 s - a potion of cancellation {unknown}
 t - 3 potions of brilliance
 z - 2 potions of lignification {unknown}
 D - a potion of invisibility
 G - a potion of resistance {unknown}
 L - a potion of mutation {unknown}
 M - a potion of flight {unknown}


   Skills:
 + Level 8.4 Fighting
 + Level 11.7 Axes
 + Level 9.2 Armour
 + Level 4.0 Dodging
 + Level 0.2 Stealth
 + Level 7.2 Shields


You had 9 spell levels left.
You didn't know any spells.
Your spell library contained the following spells:

 Spells                   Type           Power      Damage    Failure   Level
 Foxfire                  Conj/Fire      0%         2x1d4     99%         1
 Sandblast                Erth           0%         2d4       99%         1
 Passwall                 Tmut/Erth      0%         N/A       99%         2
 Stone Arrow              Conj/Erth      0%         3d7       100%        3
 Fireball                 Conj/Fire      0%         3d3       100%        5
 Plasma Beam              Fire/Air       0%         2x1d11    100%        6
 Starburst                Conj/Fire      0%         6d3       100%        6


Dungeon Overview and Level Annotations

Branches:
Dungeon (10/15)            Temple (1/1) D:5            Lair (0/5) D:10
    Orc: D:9-12

Altars:
Ashenzari
Cheibriados
Dithmenos
Elyvilon
Fedhas
Gozag
Hepliaklqana
Kikubaaqudgha
Makhleb
Nemelex Xobeh
Okawaru
Qazlal
Ru
Sif Muna
Trog
Uskayaw
Vehumet
Wu Jian
Xom
Yredelemnul
Zin
The Shining One

Shops:
D:2 :   D:7 *:(!   D:9 (


Innate Abilities, Weirdness & Mutations

You have a pair of horns on your head.
You reflexively headbutt those who attack you in melee.


Message History

The death yak gores you but does no damage.
The yak gores you!
You slash the death yak!
The death yak is heavily wounded.
You hit the death yak but do no damage. You slash the death yak!
You slash the yak! You hit the yak. You slash the yak!
The death yak barely misses you. You furiously retaliate!
You headbutt the death yak! The yak gores you.
The yak gores you but does no damage. You block the death yak's attack.
The death yak gores you! You block the yak's attack.
You barely miss the death yak.
The death yak is heavily wounded.
You barely miss the yak. You slash the yak!
You kill the yak!
Trog accepts your kill.
You slash the death yak! You hit the death yak but do no damage.
You hit the yak but do no damage. You block the death yak's attack.
The yak closely misses you. You block the death yak's attack.
The death yak gores you!
* * * LOW HITPOINT WARNING * * *
You block the yak's attack.
You feel much better. You block the death yak's attack.
The yak gores you but does no damage. x2; You block the death yak's attack.
The death yak gores you. The yak barely misses you.
As you read the scroll of teleportation, it crumbles to dust.
You feel strangely unstable. You block the death yak's attack.
The yak gores you but does no damage. The yak closely misses you.
The death yak gores you!
* * * LOW HITPOINT WARNING * * *
The death yak gores you but does no damage.
You block the yak's attack.
You slash the death yak! You headbutt the death yak!
The death yak is moderately wounded.
You hit the death yak but do no damage. You completely miss the yak.
You hit the death yak. You hit the yak but do no damage.
You barely miss the yak. You block the death yak's attack.
You block the yak's attack. The death yak gores you!
* * * LOW HITPOINT WARNING * * *
The yak gores you!
You die...

#...# #..........
#...#####..........
####...##.............
).....$..?...###......
...............#......
###.........#......
#.(......$#######
########Y$.......#
.....YY@Y........#
.....YYYY........#
/#...#.Y.........#
.......).........#
>..Y...?.........#
........#########
........# .......#


You could see 3 death yaks and 6 yaks.

Vanquished Creatures
  A troll (D:9)
  2 hornets
  Sigmund (D:3)
  A yak (D:10)
  A steam dragon (D:6)
  An acid dragon (D:9)
  A water moccasin (D:7)
  A black bear (D:6)
  2 orc warriors
  A sky beast (D:6)
  3 centaurs
  A phantom (D:5)
  5 kobold brigands
  2 bullfrogs
  A gnoll sergeant (D:9)
  3 scorpions
  9 wights
  11 killer bees (D:9)
  3 howler monkeys (D:9)
  3 electric eels (D:7)
  A jelly (D:6)
  3 hounds
  4 orc priests
  6 iguanas
  3 sleepcaps
  6 orc wizards
  3 adders
  8 gnolls
  9 worms
  A dart slug (D:4)
  25 orcs
  11 endoplasms
  A giant cockroach (D:1)
  4 goblins
  4 hobgoblins
  11 jackals
  A quokka (D:2)
  7 ball pythons
  7 bats
  A frilled lizard (D:1)
  27 kobolds
  8 rats
204 creatures vanquished.

Vanquished Creatures (others)
  2 jackals (D:1)
2 creatures vanquished.

Grand Total: 206 creatures vanquished

Notes
Turn   | Place    | Note
-------+----------+-------------------------------------------
     0 | D:1      | aldskfj the Minotaur Fighter began the quest for the Orb.
     0 | D:1      | Reached XP level 1. HP: 19/19 MP: 0/0
    50 | D:1      | You fall into a shaft and drop 1 floor!
    97 | D:1      | Reached XP level 2. HP: 26/27 MP: 1/1
   511 | D:1      | Reached XP level 3. HP: 33/33 MP: 2/2
   533 | D:1      | Reached skill level 3 in Axes
   975 | D:2      | Found Kurue's Vocational Training.
  1650 | D:3      | Reached XP level 4. HP: 13/40 MP: 3/3
  1946 | D:3      | Identified the +1 chain mail of Comab {rElec rF+ rN+ Str+3}
  2630 | D:3      | Noticed Sigmund
  2654 | D:3      | Killed Sigmund
  2655 | D:3      | Reached skill level 5 in Axes
  2655 | D:3      | Reached skill level 5 in Armour
  2655 | D:3      | Reached skill level 1 in Dodging
  2655 | D:3      | Reached XP level 5. HP: 33/47 MP: 4/4
  2881 | D:4      | Reached XP level 6. HP: 51/53 MP: 5/5
  3773 | D:5      | Entered Level 5 of the Dungeon
  3824 | D:5      | Reached skill level 5 in Fighting
  3824 | D:5      | Found an iron altar of Okawaru.
  3827 | D:5      | Found a staircase to the Ecumenical Temple.
  3878 | Temple   | Entered the Ecumenical Temple
  3985 | Temple   | Became a worshipper of Trog the Wrathful
  4147 | D:5      | Reached skill level 6 in Axes
  4259 | D:5      | Found a sacrificial altar of Ru.
  4279 | D:5      | Identified the +2 chain mail of Theory {Int+5}
  4297 | D:5      | Reached XP level 7. HP: 52/61 MP: 6/6
  4614 | D:5      | Found a sparkling altar of Nemelex Xobeh.
  4614 | D:5      | Found an ornate altar of the Wu Jian Council.
  4614 | D:5      | Found an ancient bone altar of Kikubaaqudgha.
  4615 | D:5      | Found a hide-covered altar of Uskayaw.
  4619 | D:5      | Found a basalt altar of Yredelemnul.
  4620 | D:5      | Found a glowing golden altar of the Shining One.
  4623 | D:5      | Found a glowing silver altar of Zin.
  4624 | D:5      | Found a hazy altar of Hepliaklqana.
  4880 | D:6      | Reached skill level 7 in Axes
  4957 | D:6      | Noticed a steam dragon
  4965 | D:6      | Reached skill level 5 in Shields
  4965 | D:6      | Reached XP level 8. HP: 59/70 MP: 7/7
  4971 | D:6      | Reached skill level 8 in Axes
  5326 | D:6      | Reached * piety under Trog
  6199 | D:7      | Noticed a hornet
  6211 | D:7      | Paralysed by a hornet for 3 turns
  6215 | D:7      | Killed a hornet
  6216 | D:7      | Reached skill level 9 in Axes
  6495 | D:7      | Found Ibys's Weapon Emporium.
  6515 | D:7      | Reached XP level 9. HP: 45/78 MP: 8/8
  6638 | D:7      | Found Iluofrea's Book Shop.
  6702 | D:7      | Found Heacyza's Distillery.
  6707 | D:7      | Bought a potion of invisibility for 128 gold pieces
  6707 | D:7      | Bought a potion of curing for 48 gold pieces
  6707 | D:7      | Bought a potion of heal wounds for 80 gold pieces
  6974 | D:7      | Reached skill level 10 in Axes
  7168 | D:7      | Found Qulof's Assorted Antiques.
  7172 | D:7      | Bought a scroll of identify for 42 gold pieces
  7347 | D:8      | Found a shimmering altar of Xom.
  7369 | D:8      | Found a broken altar of Ashenzari.
  7572 | D:8      | Reached ** piety under Trog
  8046 | D:9      | Found a radiant altar of Vehumet.
  8078 | D:9      | Found Wutuiseim's Weapon Shoppe.
  8154 | D:9      | Noticed a troll
  8167 | D:9      | Killed a troll
  8254 | D:9      | Reached skill level 11 in Axes
  8410 | D:9      | Reached XP level 10. HP: 86/88 MP: 9/9
  9103 | D:10     | Entered Level 10 of the Dungeon
  9163 | D:10     | Identified the staff of fire "Ygiucus" {rF+ Will- Int-4
                  | SInv Stlth+}
  9241 | D:10     | Noticed a death yak
  9241 | D:10     | Noticed a death yak
  9245 | D:10     | Noticed a death yak
  9250 | D:10     | Found a staircase to the Lair.
  9258 | D:10     | Slain by a yak

Illustrated notes

Levels and vault maps discovered:
D:1:      wander_arrival_fairy_ring, layout_basic, lemuel_flame_loot_1
D:2:      layout_basic, nicolae_shop_vocational
D:3:      layout_basic, minmay_crystal_room, uniq_sigmund
D:4:      layout_layer_cave, nicolae_wormholes
D:5:      layout_rooms, minitemple, minmay_temple_entry_mini_moons
D:6:      layout_layer_cave
D:7:      wad_lake_hut, layout_loops_ring, serial_shops, kennysheep_little_box,
          shop, nicolae_book_shop_shelving, shop
D:8:      layout_basic, mainiacjoe_overflow_big_doors
D:9:      layout_irregular_city, nicolae_vehumet_radiance, serial_shops,
          nicolae_shop_tiny_statue_garden
D:10:     layout_basic, dpeg_lair_monsters, erik_orc_1, uniq_harold
Temple:   grunt_temple_mini_profane

Skill      XL: |  1  2  3  4  5  6  7  8  9 10 |
---------------+-------------------------------+-----
Armour         | 4 5 6 7 9 |  9.2
Fighting       | 4 5 6 7 8 |  8.4
Shields        | 4 5 6 7 |  7.2
Axes           | 3 5 6 7 9 11 | 11.7
Dodging        | 1 2 3 4 |  4.0
Stealth        | |  0.2

Action                     |  1- 3 |  4- 6 |  7- 9 | 10-12 || total
---------------------------+-------+-------+-------+-------++-------
  Melee: War axe           |    74 |   102 |   254 |    47 ||   477
         Headbutt          |    11 |    13 |    42 |     8 ||    74
    Use: Scroll            |       |    11 |     4 |     3 ||    18
         Potion            |       |       |       |     1 ||     1
 Armour: Scale mail        |    45 |     5 |       |       ||    50
         Chain mail        |       |    64 |   162 |    26 ||   252
  Dodge: Dodged            |    39 |    41 |   127 |    19 ||   226
  Block: Buckler           |    26 |    27 |    65 |       ||   118
         Kite shield       |       |       |    55 |    72 ||   127
         Reflection        |       |       |       |     2 ||     2
